 Dungeon Crawl Stone Soup version 0.19-a0-1855-gb7442ac (webtiles) character file.

22 Huckle the Scratcher (level 2, 0/12 HPs)
             Began as a Felid Transmuter on Oct 12, 2016.
             Slain by a jackal (3 damage)
             ... on level 1 of the Dungeon.
             The game lasted 00:04:39 (848 turns).

Huckle the Scratcher (Felid Transmuter)              Turns: 848, Time: 00:04:40

Health: 0/12       AC:  1    Str:  6    XL:     2   Next: 68%
Magic:  6/6        EV: 18    Int: 14    God:
Gold:   15         SH:  0    Dex: 16    Spells: 1 memorised, 5 levels left
                                        Lives:  0   Deaths: 0

rFire  . . .     SeeInvis +       - Unarmed
rCold  . . .     Gourm    .     (armour unavailable)
rNeg   . . .     Faith    .     (shield unavailable)
rPois  .         Spirit   .     (helmet unavailable)
rElec  .         Dismiss  .     (cloak unavailable)
rCorr  .         Reflect  .     (gloves unavailable)
MR     .....     Harm     .     (boots unavailable)
Stlth  ++........               (no amulet)
                                (no ring)
                                (no ring)

@: appendage (expiring), quick
A: no armour, no weapons or thrown items, stealth, claws 1, fangs 3, horns 2,
see invisible, carnivore 3, speed 1, shaggy fur 1, slow metabolism 1, sharp paws
a: End Transformation


You were on level 1 of the Dungeon.
You were very full.
You had grown temporary horns.
You visited 1 branch of the dungeon, and saw 1 of its levels.

You collected 15 gold pieces.

Inventory:

Missiles
 a - 12 arrows
Scrolls
 e - a scroll of magic mapping {unknown}
 g - a scroll of identify {unknown}
Potions
 f - 2 potions of ambrosia {unknown}
Books
 b - a book of Changes

   Spells                             Type                      Level
   a - Beastly Appendage              Transmutation                1
   b - Sticks to Snakes               Transmutation                2
   c - Spider Form                    Transmutation/Poison         3
   d - Ice Form                       Ice/Transmutation            4
   e - Blade Hands                    Transmutation                5
Comestibles
 c - a meat ration


   Skills:
 - Level 1.0 Fighting
 - Level 2.6 Dodging
 - Level 3.0 Unarmed Combat
 + Level 2.6 Spellcasting
 + Level 2.9 Transmutations


You had 5 spell levels left.
You knew the following spells:

 Your Spells              Type           Power        Failure   Level  Hunger
a - Beastly Appendage     Tmut           ##....       10%         1    #......


Dungeon Overview and Level Annotations

Branches:
Dungeon (1/15)

Altars:


Innate Abilities, Weirdness & Mutations

You cannot wear armour.
You are incapable of wielding weapons or throwing items.
Your paws allow you to move quietly. (Stealth)
You have sharp claws.
You have razor-sharp teeth.
You have supernaturally acute eyesight. (SInv)
You are carnivorous and can eat meat at any time.
You cover ground quickly.
You are covered in fur. (AC +1)
You have a slow metabolism.
Your sharp claws are effective at attacking unaware monsters.
You have a pair of horns on your head.


Message History

You miss the jackal. The jackal completely misses you. The jackal bites you.
You closely miss the jackal.
Your transformation is almost over.
The jackal bites you.
You scratch the jackal but do no damage.
The jackal completely misses you.
You completely miss the jackal. You headbutt the jackal.
The jackal is severely wounded.
The jackal barely misses you. The jackal misses you.
You barely miss the jackal.
The jackal is severely wounded.
The jackal bites you.
* * * LOW HITPOINT WARNING * * *
You closely miss the jackal.
The jackal is severely wounded.
The jackal misses you.
You closely miss the jackal. Your headbutt misses the jackal.
The jackal is severely wounded.
The jackal misses you. The jackal bites you.
You die...

#..#### #.## #.# #.#
### ##.## #..
##...## #?# .
##.....## #.# ...
#.......####.##.....
#.........@h)...#
#.......####........
##.....## #########
##...## #####


You could see a jackal.

Vanquished Creatures
  A dart slug (D:1)
  A giant cockroach (D:1)
  5 goblins (D:1)
  2 hobgoblins (D:1)
  2 jackals (D:1)
  3 bats (D:1)
  A frilled lizard (D:1)
  2 kobolds (D:1)
  2 rats (D:1)
19 creatures vanquished.

Notes
Turn   | Place    | Note
-------+----------+-------------------------------------------
     0 | D:1      | Huckle the Felid Transmuter began the quest for the Orb.
     0 | D:1      | Reached XP level 1. HP: 9/9 MP: 4/4
   291 | D:1      | Reached XP level 2. HP: 11/12 MP: 4/6
   848 | D:1      | Slain by a jackal

Vault maps used:
D:1:      minmay_arrival_stone_box, corexii_item_surrounded_by_moat

Action                   || total
-------------------------++-------
Melee: Unarmed           ||    62
       Headbutt          ||     8
       Bite              ||     4
 Cast: Beastly Appendage ||     9
 Abil: End Transformatio ||     1
 Stab: Sleeping          ||     2
  Eat: Chunk             ||     6
Armor: Skin              ||     1
Dodge: Dodged            ||    44
